Map: King's Cove LE

Players

Namshar - Winner!

  • Race: Zerg Zerg
  • League: Grandmaster
  • Spawn Location: 11:00

Ziggy

  • Race: Terran Terran
  • League: Grandmaster
  • Spawn Location: 5:00

Event: 2019 WCS Winter Europe

VOD

Have the link to the VOD?

Description

Time

  • Played on: Feb. 9, 2019, 10:11 a.m.
  • Length: 15:34
Show
View Real Time Build Order
Export as new Build Order

Namshar Zerg - Winner!

Build Orders: Pool First, Brood Lord Corruptor 

Get SALT Encoding   

  12  0:00  Drone  
  13  0:12  Overlord  
  13  0:17  Drone  
  14  0:30  Drone x2  
  14  0:34  Drone  
  17  0:45  Spawning Pool  
  17  0:48  Drone  
  17  1:09  Hatchery  
  16  1:12  Extractor  
  16  1:13  Drone  
  16  1:17  Drone  
  17  1:20  Drone  
  18  1:32  Queen  
  20  1:34  Zergling x2  
  20  1:38  Drone  
  22  1:49  Overlord  
  22  2:07  Queen, Drone  
  25  2:13  Roach Warren  
  24  2:19  Overlord  
  24  2:28  Queen  
  26  2:53  Roach x3  
  26  2:54  Roach x2  
  36  2:59  Overlord  
  36  3:02  Drone  
  36  3:15  Drone  
  36  3:16  Drone  
  38  3:21  Ravager x2  
  38  3:24  Drone  
  38  3:26  Drone x2  
  43  3:28  Drone x2  
  43  3:32  Roach  
  47  3:44  Roach  
  47  3:45  Drone x2  
  51  3:52  Overlord  
  51  3:55  Overlord  
  51  3:56  Drone  
  52  4:11  Roach  
  52  4:12  Roach  
  52  4:13  Drone x2  
  52  4:17  Drone x2  
  60  4:22  Drone  
  60  4:24  Drone  
  62  4:35  Drone x2  
  64  4:42  Drone  
  64  4:43  Overlord, Drone  
  64  4:44  Lair  
  66  4:47  Evolution Chamber  
  66  4:48  Extractor  
  66  4:49  Extractor  
  66  4:50  Hatchery  
  62  4:56  Drone x2  
  64  5:06  Roach  
  66  5:07  Drone x4  
  66  5:08  Drone x3  
  73  5:14  Overlord  
  73  5:22  Zerg Ground Armor Level 1  
  73  5:24  Roach  
  73  5:25  Overlord x2  
  75  5:34  Extractor, Drone x2  
  75  5:35  Drone x2  
  78  5:41  Glial Reconstitution  
  79  5:42  Drone  
  79  5:44  Evolution Chamber, Hatchery  
  77  5:50  Queen  
  77  5:53  Overlord  
  79  5:58  Drone x2  
  79  5:59  Ravager, Drone  
  83  6:05  Drone  
  83  6:06  Drone x2  
  83  6:08  Drone  
  83  6:09  Drone  
  88  6:11  Zerg Melee Weapons Level 1  
  88  6:15  Metabolic Boost, Baneling Nest  
  87  6:24  Drone x3  
  90  6:32  Drone  
  90  6:34  Overlord x2  
  90  6:42  Overlord  
  90  6:43  Drone x3  
  90  6:44  Drone  
  90  6:45  Roach  
  90  6:46  Overseer  
  96  6:50  Roach  
  96  6:53  Roach  
  100  6:56  Queen  
  100  6:57  Overlord  
  102  7:02  Centrifical Hooks  
  102  7:05  Infestation Pit  
  102  7:07  Drone  
  102  7:13  Overlord  
  102  7:15  Extractor  
  101  7:17  Extractor  
  100  7:23  Drone x3  
  100  7:24  Drone x4  
  100  7:26  Hatchery  
  100  7:27  Ravager x2  
  108  7:30  Overlord  
  108  7:35  Zergling x12  
  114  7:38  Zergling x4  
  116  7:48  Zergling x10  
  116  7:50  Hive  
  121  7:52  Zerg Ground Armor Level 2  
  121  8:01  Baneling x3  
  121  8:02  Overlord, Baneling x7  
  121  8:08  Queen  
  121  8:09  Queen  
  123  8:22  Zerg Melee Weapons Level 2  
  123  8:24  Drone  
  123  8:26  Drone  
  123  8:27  Drone x5  
  127  8:33  Zergling x16  
  136  8:43  Queen  
  136  8:45  Zergling x16  
  146  8:55  Zergling x6  
  149  8:59  Spire  
  149  9:02  Adrenal Glands  
  145  9:04  Viper x2  
  149  9:11  Zergling x10  
  151  9:19  Zergling x16  
  151  9:20  Overlord  
  159  9:31  Drone  
  159  9:33  Spore Crawler  
  158  9:39  Overlord x2  
  158  9:40  Overlord  
  158  9:41  Drone x2  
  158  9:44  Hatchery  
  158  9:45  Zergling x10  
  159  9:46  Zergling x10  
  166  9:55  Baneling  
  166  9:56  Baneling x6  
  166  10:03  Overlord  
  166  10:06  Drone x2  
  166  10:07  Hatchery, Zergling x2, Drone  
  168  10:08  Zergling x10  
  168  10:11  Ravager x3  
  173  10:15  Zergling x2  
  173  10:16  Zergling x8  
  177  10:21  Zerg Ground Armor Level 3  
  176  10:28  Baneling  
  176  10:29  Baneling x5  
  176  10:35  Zergling x2  
  176  10:36  Zergling x22  
  187  10:45  Greater Spire  
  187  10:46  Zerg Melee Weapons Level 3  
  185  10:54  Zergling x22  
  196  11:00  Corruptor x2  
  199  11:06  Baneling x6  
  193  11:17  Zergling x16  
  193  11:18  Zergling x6  
  182  11:23  Zergling x14  
  157  11:28  Zergling x8  
  157  11:32  Zergling x2  
  144  11:39  Baneling x4  
  140  11:40  Baneling x4, Corruptor x4  
  141  11:58  Baneling x2  
  141  11:59  Baneling x2, Corruptor x2  
  145  12:02  Pathogen Glands  
  145  12:05  Drone x4  
  149  12:13  Brood Lord x3  
  155  12:16  Zerg Flyer Weapons Level 1  
  155  12:20  Zergling x12  
  155  12:21  Zergling x18  
  170  12:29  Brood Lord  
  172  12:34  Zergling x2  
  172  12:35  Zergling x10  
  176  12:40  Extractor, Drone x2  
  176  12:41  Extractor, Drone x3  
  176  12:42  Drone x3  
  182  12:50  Drone  
  182  12:51  Spore Crawler  
  182  12:54  Drone  
  182  12:55  Spore Crawler  
  182  13:00  Brood Lord x2  
  182  13:01  Brood Lord x2  
  190  13:12  Corruptor x2  
  191  13:19  Queen  
  194  13:20  Queen  
  194  13:31  Infestor x3  
  197  13:37  Extractor x2  
  195  13:48  Baneling x2, Infestor  
  195  13:49  Hatchery  
  195  13:50  Hatchery  
  195  13:51  Pneumatized Carapace  
  195  13:52  Overseer, Burrow  
  195  13:54  Overseer  
  195  14:02  Baneling x3  
  195  14:09  Brood Lord  
  171  14:10  Brood Lord  
  171  14:19  Zergling x10  
  171  14:20  Zergling x18  
  172  14:24  Corruptor x3  
  174  14:46  Baneling  
  174  14:47  Baneling x9  
  174  14:49  Zergling x2  
  174  14:50  Zergling x18  
  167  15:00  Zergling x2  
  167  15:01  Zergling x22  
Show
View Real Time Build Order
Export as new Build Order

Ziggy Terran 

Build Orders:  

Get SALT Encoding   

  12  0:00  SCV  
  13  0:12  SCV  
  14  0:17  Supply Depot  
  14  0:24  SCV  
  15  0:39  SCV  
  15  0:41  Barracks  
  16  0:45  Refinery  
  16  0:51  SCV  
  17  0:59  Barracks  
  17  1:03  SCV  
  18  1:16  SCV  
  19  1:28  Reaper, Orbital Command  
  20  1:36  Barracks  
  20  1:42  Refinery  
  20  1:46  Reaper  
  21  1:54  Supply Depot  
  21  1:58  SCV  
  22  2:04  Reaper  
  23  2:15  SCV  
  24  2:18  Reaper  
  25  2:24  Reaper  
  26  2:36  Reaper  
  27  2:41  Command Center  
  27  2:50  Supply Depot  
  27  2:52  Reaper  
  27  2:54  SCV  
  27  2:57  Reaper  
  30  3:06  SCV  
  30  3:11  Reaper  
  32  3:19  SCV  
  33  3:27  Reaper  
  33  3:31  SCV  
  33  3:34  Factory, Barracks Tech Lab  
  35  3:43  SCV  
  36  3:55  SCV, Command Center  
  37  3:59  Orbital Command  
  37  4:04  Stimpack  
  37  4:07  SCV  
  38  4:13  Barracks Tech Lab  
  38  4:19  Factory Tech Lab  
  38  4:20  SCV  
  38  4:22  Barracks Reactor  
  39  4:25  SCV  
  39  4:30  Refinery  
  39  4:32  SCV  
  39  4:37  SCV, Marine x2  
  43  4:43  Siege Tank  
  43  4:44  SCV  
  47  4:49  SCV  
  48  4:53  Supply Depot  
  48  4:56  SCV, Marine x2  
  51  5:01  SCV  
  52  5:07  Engineering Bay  
  52  5:08  Engineering Bay  
  52  5:09  SCV  
  52  5:13  Orbital Command  
  53  5:15  Marine x2  
  55  5:22  Siege Tank  
  55  5:24  Marauder  
  60  5:32  SCV x2  
  60  5:34  Terran Infantry Weapons Level 1, Terran Infantry Armor Level 1  
  58  5:38  SCV  
  58  5:42  Starport  
  59  5:49  Marine x2  
  63  5:50  Marauder  
  63  5:51  SCV x2  
  63  5:55  Refinery  
  65  5:57  Siege Tank  
  65  5:58  SCV  
  65  6:03  SCV  
  68  6:05  SCV  
  68  6:08  Supply Depot  
  68  6:09  Marauder  
  68  6:10  SCV  
  68  6:11  Marauder, Marine  
  75  6:12  Marine  
  76  6:19  SCV  
  76  6:21  Starport Reactor, Combat Shield  
  77  6:26  Supply Depot  
  77  6:27  Supply Depot  
  77  6:28  SCV  
  77  6:29  Orbital Command  
  77  6:33  SCV  
  77  6:34  Siege Tank  
  77  6:35  Marine x3  
  84  6:42  Marine  
  83  6:50  SCV  
  83  6:51  SCV  
  83  6:52  Marine  
  83  6:53  Marauder, Supply Depot  
  88  6:54  Supply Depot, Marine  
  88  6:56  SCV  
  88  7:00  Marauder  
  92  7:03  SCV  
  92  7:04  SCV  
  92  7:05  Armory  
  92  7:07  Medivac x2  
  98  7:12  SCV  
  98  7:15  SCV, Marine x2  
  104  7:16  Marauder  
  104  7:17  SCV  
  105  7:26  SCV, Barracks  
  105  7:27  SCV  
  105  7:28  Barracks  
  105  7:29  Refinery  
  107  7:32  Siege Tank  
  107  7:33  SCV  
  111  7:38  SCV, Medivac  
  111  7:39  Medivac  
  116  7:45  SCV x2  
  116  7:51  Supply Depot x2  
  118  7:53  SCV  
  118  7:54  Command Center  
  119  8:03  Terran Infantry Weapons Level 2  
  119  8:12  Marine x2  
  122  8:13  Marauder, Siege Tank  
  122  8:16  Barracks Reactor, Barracks Tech Lab  
  122  8:17  SCV x2  
  127  8:20  Refinery, Supply Depot x2  
  127  8:21  Marine  
  128  8:30  Marine  
  128  8:31  Marine  
  130  8:34  Marauder  
  130  8:36  Factory  
  130  8:39  Factory, Marine  
  130  8:46  Marine  
  130  8:47  Siege Tank, Marine  
  135  8:54  SCV x3  
  140  8:55  Marauder  
  140  8:57  Marauder  
  142  9:09  Terran Infantry Armor Level 2  
  140  9:12  Missile Turret x2  
  140  9:14  Marauder, Marine x3  
  143  9:21  Medivac x2  
  143  9:22  Siege Tank, Factory Tech Lab  
  149  9:26  Factory Reactor  
  149  9:34  Marine x2  
  149  9:35  Planetary Fortress, Marauder  
  151  9:43  Refinery  
  150  9:47  Missile Turret  
  150  9:48  Missile Turret, Refinery  
  150  9:50  Siege Tank  
  150  9:51  Marine x2  
  150  9:52  Marauder  
  157  9:59  Marine x2  
  161  10:00  Marauder  
  161  10:07  Marine  
  161  10:08  Concussive Shells  
  161  10:09  Marine  
  161  10:13  Marauder  
  165  10:16  Ghost Academy  
  167  10:21  Marauder  
  167  10:22  Siege Tank  
  167  10:23  Widow Mine  
  167  10:28  Marine, Supply Depot  
  172  10:29  Marauder, Widow Mine  
  172  10:30  Marine x3  
  172  10:31  Terran Infantry Weapons Level 3  
  180  10:37  Command Center  
  180  10:49  Marauder  
  179  10:50  Marauder, Siege Tank, Marine x2  
  179  10:51  Marauder  
  188  11:08  Marine x2  
  188  11:10  Marauder, Thor, Widow Mine x2  
  186  11:12  Marine  
  186  11:13  Marauder, Liberator  
  145  11:20  Marine x2  
  145  11:21  Thor  
  111  11:26  Marine x2  
  111  11:30  Marine  
  111  11:32  Marauder  
  104  11:34  Marauder  
  104  11:38  Marine x2  
  103  11:41  SCV x3  
  103  11:43  Orbital Command  
  103  11:44  Marine x2  
  108  11:49  Marine  
  108  11:53  SCV x3, Marauder  
  114  11:55  Marine  
  114  11:57  Marauder  
  114  11:59  Siege Tank  
  114  12:00  Widow Mine  
  114  12:01  Widow Mine  
  124  12:09  SCV x4  
  124  12:11  Marine x3  
  124  12:13  Marauder  
  133  12:20  Terran Infantry Armor Level 3  
  133  12:21  SCV  
  134  12:25  Widow Mine x2  
  138  12:36  Siege Tank x2  
  143  12:39  SCV  
  143  12:42  Ghost x3  
  143  12:43  Marine x4  
  154  12:44  Medivac  
  154  12:45  Medivac  
  154  12:49  SCV x2  
  154  12:50  Planetary Fortress  
  160  13:00  Sensor Tower  
  160  13:01  Marine x2  
  162  13:07  Barracks  
  162  13:08  SCV x4  
  162  13:11  Marauder, Ghost  
  167  13:13  Missile Turret, Siege Tank, Marine  
  167  13:15  Missile Turret  
  171  13:21  Marauder  
  171  13:23  Marine x2  
  166  13:31  Marine x2  
  166  13:33  Marauder  
  170  13:39  Marine  
  170  13:41  Marine  
  171  13:42  Drilling Claws  
  171  13:47  Supply Depot  
  171  14:04  Marauder  
  171  14:05  Marine  
  171  14:06  SCV x4, Marine  
  171  14:07  Marauder x2, Siege Tank  
  169  14:10  Thor  
  173  14:24  Marine x4  
  144  14:25  Ghost, Barracks Tech Lab  
  144  14:27  Ghost  
  144  14:28  Ghost  
  144  14:29  Barracks  
  144  14:31  SCV x4, Barracks  
  149  14:36  Refinery  
  136  14:47  Thor  
  141  14:53  Ghost  
  141  14:56  Ghost x2  
  136  15:00  Marine x3  
  136  15:01  Marauder  
  125  15:11  SCV x3  
Tags
 
Add a new tag
Caveats
  • Supply blocks, unpowered buildings, or Contaminate may cause inaccurate times.
  • Supply counts are checked every 10 seconds.